 Dungeon Sprint DCSS version 0.18.1-50-g88ac8fd (webtiles) character file.

2258 Kagutsuchi the Nimble (level 9, -19/90 HPs)
             Began as a Grey Draconian Berserker on Oct 22, 2016.
             Was a High Priest of Trog.
             Demolished by a tentacle (21 damage)
             ... attached to a kraken
             ... in the Dungeon (Sprint II: "The Violet Keep of Menkaure").
             The game lasted 00:05:55 (2101 turns).

Kagutsuchi the Nimble (Grey Draconian Berserker)    Turns: 2101, Time: 00:05:56

Health: -19/90     AC: 12    Str: 19    XL:     9   Next: 15%
Magic:  9/9        EV: 20    Int: 13    God:    Trog [*****.]
Gold:   499        SH:  0    Dex: 14    Spells: 0 memorised, 8 levels left

rFire  . . .     SeeInvis .     d - +6 demon blade of the Endless March {slice, Int+3}
rCold  . . .     Gourm    .     (armour unavailable)
rNeg   . . .     Faith    .     (no shield)
rPois  .         Spirit   .     (helmet restricted)
rElec  .         Dismiss  .     (no cloak)
rCorr  .         Reflect  .     (no gloves)
SustAt .         Harm     .     (no boots)
MR     .....     NoTele   +     (no amulet)
Stlth  +.........               (no ring)
                                (no ring)

@: not resistant to hostile enchantments, very unstealthy
A: walk through water, unfitting armour, clever 1, slow regeneration 1,
unbreathing, cold-blooded, AC +12
a: Berserk, Trog's Hand, Brothers in Arms, Burn Spellbooks, Renounce Religion


You were in the Dungeon.
You worshipped Trog.
Trog was extremely pleased with you.
You were not hungry.

You visited 1 branch You collected 1053 gold pieces.
You spent 554 gold pieces at shops.

Inventory:

Hand Weapons
 a - a +0 falchion
 b - a +4 halberd of distortion
 d - the +6 demon blade of the Endless March (weapon) {slice, Int+3}
   (Trog gifted it to you in the Dungeon)

   It inflicts extra damage upon your enemies.
   It affects your intelligence (+3).
 n - a cursed +0 arbalest
Missiles
 o - 12 bolts
Wands
 i - a wand of teleportation (5/9)
Scrolls
 h - a scroll of blinking
Potions
 e - a potion of haste
 f - 2 potions of magic
 g - a potion of berserk rage
Comestibles
 j - a meat ration
 k - a bread ration
 l - a beef jerky
 m - 2 fruits


   Skills:
 + Level 11.8 Fighting
 + Level 11.0 Long Blades
 + Level 2.5 Polearms
 + Level 13.1 Dodging


You had 8 spell levels left.
You didn't know any spells.

Dungeon Overview and Level Annotations

Branches:
Dungeon (1/1)

Altars:
Cheibriados
Dithmenos
Elyvilon
Fedhas
Gozag
Kikubaaqudgha
Makhleb
Nemelex Xobeh
Okawaru
Pakellas
Qazlal
Ru
Sif Muna
Trog
Vehumet
Xom
Yredelemnul
Zin
The Shining One
Beogh
Jiyva
Lugonu

Shops:
D ?%::}=(!*=%%[([!

Annotations:
D exclusions: ice statue and oklob plant


Innate Abilities, Weirdness & Mutations

You can walk through water.
Your dull iron-grey scales are very hard (AC +12).
Your body does not fit into most forms of armour.
You can survive without breathing.
You are cold-blooded and may be slowed by cold attacks.
Your mind is acute. (Int +2)
You regenerate slowly when monsters are visible.


Message History

The tentacle is lightly wounded.
The tentacle slaps you. The tentacle slaps you!!
You closely miss the tentacle.
Your tail-slap misses the tentacle.
The tentacle is lightly wounded.
The tentacle slaps you!
* * * LOW HITPOINT WARNING * * *
Drink which item? (? for menu, Esc to quit)
You feel better. The tentacle completely misses you.
The tentacle closely misses you. The tentacle misses you.
You see here 3 tomahawks.
The tentacle slaps you!!
* * * LOW HITPOINT WARNING * * *
You see here a meat ration.
The tentacle slaps you.
* * * LOW HITPOINT WARNING * * *
You see here 21 stones.
You fail to use your ability.
The tentacle barely misses you. The tentacle slaps you!!
You die...

▓▓▓▓▓▓▓▓▓▓ ▓≈≈≈§≈§≈≈▓▓
▓▓▓▓▓▓▓▓▓▓▓ ▓$?!)(?!!▓▓
#. . ▓$)(=%!![▓▓ +.##.
:▓$%?[)(%?▓▓ ...#
##▓$=(?$!((▓▓ #..#
.#▓($$!(?@!▓▓ +..#
.#▓?[$[(%w!▓▓ #..#
.#▓!$($$%│$▓▓
###..##.#▓?%[!$!!>▓▓
.###...##▓▓▓▓▓▓▓<▓▓▓▓+▓
§..≈≈≈≈≈≈≈≈≈≈≈≈≈.\wX≈≈▓
...≈#'########+###V≈w≈▓
≈..≈#........#t§≈##≈≈≈▓
≈≈.≈#._._....#≈≈§≈####▓


You could see a kraken and 3 tentacles.

Vanquished Creatures
  A siren (D)
  A yaktaur (D)
  2 polar bears (D)
  4 neqoxecs (D)
  2 hippogriffs (D)
  A vampire mosquito (D)
  2 swamp drakes (D)
  A wasp (D)
  A crocodile (D)
  4 worker ants (D)
  A tentacle (D)
20 creatures vanquished.

Vanquished Creatures (others)
  Menkaure (D)
  A crocodile (D)
  130 tentacle segments (D)
132 creatures vanquished.

Grand Total: 152 creatures vanquished

Notes
Turn   | Place    | Note
--------------------------------------------------------------
     0 | D        | Kagutsuchi the Draconian Berserker began the quest for the Orb.
     0 | D        | Reached XP level 1. HP: 19/19 MP: 1/1
     1 | D        | Noticed a hippogriff
     1 | D        | Noticed a hippogriff
     9 | D        | Killed a hippogriff
     9 | D        | Reached skill level 5 in Dodging
     9 | D        | Reached XP level 2. HP: 34/34 MP: 2/2
     9 | D        | Reached XP level 3. HP: 39/39 MP: 3/3
     9 | D        | Reached XP level 4. HP: 47/47 MP: 4/4
    17 | D        | Killed a crocodile
    19 | D        | Killed a hippogriff
    19 | D        | Reached ** piety under Trog
    19 | D        | Reached skill level 7 in Dodging
    19 | D        | Reached XP level 5. HP: 16/55 MP: 5/5
    64 | D        | Killed Menkaure
   336 | D        | Noticed a siren
   346 | D        | Killed a siren
   346 | D        | Reached skill level 9 in Dodging
   346 | D        | Reached XP level 6. HP: 51/66 MP: 6/6
   346 | D        | Your scales start taking on a dull iron-grey colour.
   346 | D        | Reached XP level 7. HP: 55/71 MP: 7/7
   346 | D        | Gained mutation: You can survive without breathing. [Grey Draconian growth]
   535 | D        | Reached *** piety under Trog
   535 | D        | Reached skill level 10 in Fighting
   722 | D        | Noticed a neqoxec
   722 | D        | Noticed a neqoxec
   722 | D        | Noticed a neqoxec
   722 | D        | Noticed a neqoxec
   728 | D        | Killed a neqoxec
   728 | D        | Reached skill level 10 in Dodging
   732 | D        | Gained mutation: You regenerate slowly when monsters are visible. [a neqoxec]
   735 | D        | Killed a neqoxec
   735 | D        | Reached **** piety under Trog
   735 | D        | Reached skill level 10 in Long Blades
   741 | D        | Killed a neqoxec
   741 | D        | Reached XP level 8. HP: 81/81 MP: 8/8
   753 | D        | Gained mutation: Your mind is acute. (Int +2) [a neqoxec]
  1468 | D        | Found Weexzuq's Food Shop.
  1468 | D        | Found Foydeawk's Antique Weapon Shop.
  1468 | D        | Found Vulaehie's Jewellery Boutique.
  1468 | D        | Found Kidasude's Distillery.
  1468 | D        | Found Muive's Food Boutique.
  1468 | D        | Found Iroetwih's Antique Armour Boutique.
  1469 | D        | Found Qeczeq's General Store.
  1469 | D        | Found Dacia's Distillery.
  1469 | D        | Found Imyforen's Antique Armour Boutique.
  1470 | D        | Found Goosch's Antique Weapon Shop.
  1470 | D        | Found Omynlesk's Jewellery Boutique.
  1470 | D        | Noticed a shining eye
  1472 | D        | Found Fothrenk's Gadget Boutique.
  1472 | D        | Found Coiqier's Book Shop.
  1472 | D        | Noticed a shining eye
  1472 | D        | Noticed a shining eye
  1472 | D        | Noticed an oklob plant
  1473 | D        | Found Bosuarum's Food Shop.
  1473 | D        | Found Congil's Book Shoppe.
  1473 | D        | Found Yrchas's Magic Scroll Boutique.
  1480 | D        | Bought a bread ration for 60 gold pieces
  1485 | D        | Bought a runed halberd for 84 gold pieces
  1488 | D        | Bought a potion of curing for 33 gold pieces
  1488 | D        | Bought a potion of curing for 33 gold pieces
  1491 | D        | Noticed a great orb of eyes
  1494 | D        | Bought a potion of curing for 30 gold pieces
  1494 | D        | Bought a potion of heal wounds for 50 gold pieces
  1494 | D        | Bought a potion of curing for 30 gold pieces
  1502 | D        | Reached skill level 11 in Dodging
  1530 | D        | Noticed an ice statue
  1544 | D        | Found an iron altar of Okawaru.
  1544 | D        | Found a corrupted altar of Lugonu.
  1545 | D        | Found an oddly glowing altar of Pakellas.
  1545 | D        | Found a snail-covered altar of Cheibriados.
  1545 | D        | Found a sparkling altar of Nemelex Xobeh.
  1546 | D        | Found an opulent altar of Gozag.
  1546 | D        | Found a stormy altar of Qazlal.
  1547 | D        | Found a basalt altar of Yredelemnul.
  1547 | D        | Found a burning altar of Makhleb.
  1547 | D        | Found a deep blue altar of Sif Muna.
  1548 | D        | Found a white marble altar of Elyvilon.
  1548 | D        | Found a shadowy altar of Dithmenos.
  1549 | D        | Found a blossoming altar of Fedhas.
  1549 | D        | Found a bloodstained altar of Trog.
  1550 | D        | Found a viscous altar of Jiyva.
  1551 | D        | Found a glowing golden altar of the Shining One.
  1551 | D        | Noticed a polar bear
  1553 | D        | Found an ancient bone altar of Kikubaaqudgha.
  1553 | D        | Found a shimmering altar of Xom.
  1553 | D        | Found a roughly hewn altar of Beogh.
  1554 | D        | Noticed a polar bear
  1554 | D        | Found a glowing silver altar of Zin.
  1554 | D        | Found a radiant altar of Vehumet.
  1554 | D        | Found a sacrificial altar of Ru.
  1554 | D        | Noticed a yaktaur
  1556 | D        | Noticed a polar bear
  1567 | D        | Killed a polar bear
  1567 | D        | Reached ***** piety under Trog
  1572 | D        | Reached skill level 12 in Dodging
  1580 | D        | Noticed a death drake
  1582 | D        | Killed a yaktaur
  1582 | D        | Reached skill level 1 in Polearms
  1596 | D        | Received a gift from Trog
  1596 | D        | Reached XP level 9. HP: 48/90 MP: 9/9
  1620 | D        | Killed a polar bear
  1624 | D        | Got a slimy demon blade {god gift}
  1625 | D        | Identified the +6 demon blade of the Endless March {slice, Int+3} (Trog gifted it to you in the Dungeon)
  1983 | D        | Noticed a crystal guardian
  2029 | D        | Bought a meat ration for 60 gold pieces
  2029 | D        | Bought a meat ration for 60 gold pieces
  2032 | D        | Bought a bread ration for 60 gold pieces
  2032 | D        | Bought a beef jerky for 18 gold pieces
  2032 | D        | Bought 2 fruits for 36 gold pieces
  2071 | D        | Reached skill level 13 in Dodging
  2085 | D        | Noticed a kraken
  2100 | D        | HP: 2/90 [tentacle[a kraken] (6)]
  2101 | D        | Demolished by a tentacle

Skill      XL: |  1  2  3  4  5  6  7  8  9 |
---------------+----------------------------+-----
Fighting       | 7 8 9 10 11 | 11.8
Long Blades    | 6 7 9 10 11 | 11.0
Dodging        | 5 7 9 10 12 13 | 13.1
Polearms       | 1 2 |  2.5

Action                   |  1- 3 |  4- 6 |  7- 9 || total
-------------------------+-------+-------+-------++-------
Melee: Falchion          |     7 |    18 |    43 ||    68
       Tailslap          |     2 |     1 |    18 ||    21
       Halberd           |       |       |    30 ||    30
       Demon blade       |       |       |    10 ||    10
Invok: Berserk           |     1 |     1 |     4 ||     6
  Use: Potion            |       |       |     7 ||     7
  Eat: Bread ration      |       |       |     2 ||     2
       Meat ration       |       |       |     1 ||     1
Armor: Skin              |     6 |     9 |    47 ||    62
Dodge: Dodged            |     2 |    13 |   158 ||   173
